 Dungeon Sprint DCSS version 0.20-a0-268-gb6bde61 (webtiles) character file.

295562 Faca the Formicid Barricade (level 20, 0/197 HPs)
             Began as a Formicid Fighter on Dec 8, 2016.
             Was the Champion of Okawaru.
             Killed by drain life
             ... invoked by a deathcap
             ... summoned by a curse toe
              (11 damage)
             ... in the Dungeon (Sprint IX: "|||||||||||||||||||||||||||||").
             The game lasted 01:05:38 (9704 turns).

Faca the Formicid Barricade (Formicid Fighter)      Turns: 9704, Time: 01:05:38

Health: 0/197      AC: 53    Str: 27    XL:     20   Next: 4%
Magic:  21/21      EV: 23    Int:  8    God:    Okawaru [******]
Gold:   260        SH: 32    Dex: 29    Spells: 19/19 levels left

rFire  + + +     SeeInvis +     y - +2 eveningstar (protect)
rCold  + . .     Gourm    .     K - +4 gold dragon scales
rNeg   . . .     Faith    .     Q - +3 large shield "Milucy" {rF++ Dex+4}
rPois  +         Spirit   .     (helmet unavailable)
rElec  +         Reflect  .     h - +2 cloak {MR+}
rCorr  .         Harm     .     L - +2 pair of gloves {Dex+3}
MR     ++++.                    p - +2 pair of boots
Stlth  ..........               q - amulet of Conversion {-Tele rElec rPois Regen+ Str+3}
                                b - +6 ring of dexterity
                                P - ring "Luqose" {MR+ AC+3}

@: protection aura
A: permanent stasis, dig shafts and tunnels, four strong arms, antennae 3
}: 5/15 runes: decaying, serpentine, barnacled, silver, gossamer
a: Dig, Heroism, Finesse, Renounce Religion


You were in the Dungeon.
You worshipped Okawaru.
Okawaru was exalted by your worship.
You were not hungry.

You visited 1 branch You collected 1950 gold pieces.
You spent 1690 gold pieces at shops.

Inventory:

Hand Weapons
 j - the +12 glaive of Prune {chop}
   (You found it in the Dungeon)

   It inflicts extra damage upon your enemies.
 r - the +11 scythe of Valiance {drain, *Slow rPois rC+++ Stlth+}
   (You found it in the Dungeon)

   A truly terrible weapon, it drains the life of those it strikes.
   It renders you almost immune to cold.
   It protects you from poison.
   It may slow you when you take damage.
   It makes you more stealthy.
 v - the +8 mace of Okawaru's Pride {elec, rPois rF+ MP+9 Dex+3}
   (Okawaru gifted it to you in the Dungeon)

   Occasionally, upon striking a foe, it will discharge some electrical energy
   and cause terrible harm.
   It affects your dexterity (+3).
   It protects you from fire.
   It protects you from poison.
   It affects your magic capacity (+9).
 y - a +2 eveningstar of protection (weapon)
Armour
 h - a +2 cloak of magic resistance (worn)
 p - a +2 pair of boots (worn)
 F - the +9 storm dragon scales of Hopscotch {rElec rF- Str+7}
   (You bought it in a shop in the Dungeon)

   It affects your strength (+7).
   It makes you vulnerable to fire.
   It insulates you from electricity.
 K - +4 gold dragon scales (worn)
 L - a +2 pair of gloves of dexterity (worn)
 Q - the +3 large shield "Milucy" (worn) {rF++ Dex+4}
   (You found it in the Dungeon)

   It affects your dexterity (+4).
   It greatly protects you from fire.
Jewellery
 b - a +6 ring of dexterity (right hand)
 q - the amulet of Conversion (around neck) {-Tele rElec rPois Regen+ Str+3}
   (You found it in the Dungeon)

   [amulet of regeneration]

   It affects your strength (+3).
   It insulates you from electricity.
   It protects you from poison.
   It prevents most forms of teleportation.
   It increases your rate of regeneration.
 P - the ring "Luqose" (left hand) {MR+ AC+3}
   (You found it in the Dungeon)

   [ring of protection]

   It affects your AC (+3).
   It affects your resistance to hostile enchantments.
Wands
 o - a wand of lightning (5/15)
Scrolls
 m - 3 scrolls of remove curse
 s - 3 scrolls of identify
 x - 8 scrolls of recharging
 z - 3 scrolls of fog
 A - 3 scrolls of fear
Potions
 a - 4 potions of brilliance
 d - 2 potions of might
 e - 9 potions of curing
 g - 4 potions of heal wounds
 i - 6 potions of magic
 k - 4 potions of agility
 l - a potion of invisibility
 t - 2 potions of flight
 u - 2 potions of cure mutation
 H - a potion of lignification
 N - 3 potions of resistance
Miscellaneous
 w - a fan of gales
Comestibles
 c - 14 meat rations
 f - 35 fruits
 C - 8 bread rations


   Skills:
 O Level 27 Fighting
 O Level 27 Maces & Flails
 * Level 25.0 Polearms
 O Level 27 Armour
 + Level 19.6 Dodging
 + Level 5.2 Stealth
 O Level 27 Shields
 - Level 2.1 Invocations
 + Level 1.6 Evocations


You had 19 spell levels left.
You didn't know any spells.

Dungeon Overview and Level Annotations

Branches:
Dungeon (1/1)

Altars:
Cheibriados
Dithmenos
Elyvilon
Fedhas
Gozag
Hepliaklqana
Kikubaaqudgha
Makhleb
Nemelex Xobeh
Okawaru
Qazlal
Ru
Sif Muna
Trog
Uskayaw
Vehumet
Xom
Yredelemnul
Zin
The Shining One
Beogh
Jiyva
Lugonu

Shops:
D (:(*


Innate Abilities, Weirdness & Mutations

You cannot be hasted, slowed, berserked, paralysed or teleported.
You can dig through walls and to a lower floor.
Your four strong arms can wield two-handed weapons with a shield.
You have a pair of large antennae on your head. (SInv)


Message History

You impale the deathcap!!
The deathcap is heavily damaged.
You block the deathcap's attack.
The curse toe gestures.
You hit the deathcap.
The deathcap is heavily damaged.
The wandering mushroom disappears in a puff of smoke!
You block the deathcap's attack.
You stick the deathcap like a pincushion!!!
You destroy the deathcap!
You block the deathcap's attack.
You spit the curse toe like a pig!!!
The curse toe is heavily damaged.
You block the deathcap's attack.
You bludgeon the curse toe!!
The curse toe is heavily damaged.
You sock the curse toe!
The curse toe is severely damaged.
The deathcap draws from the surrounding life force!
You die...

,,,+,,,,,,,,,,,,,,,,,,,+,,,,,*
******************************
,,,,,,,,,,,,,,,,,,,,,,,,,,,,,*
****************************,*
{{{{{,{{{{{+{{{{{{{{{{{{{{+,,*
******************************
,,,,,,,,,,,,,,,,,,,,,,,,,,,,,*
▓▓▓▓▓▓▓▓▓▓▓▓▓▓▓▓▓▓▓▓▓▓▓▓****,*
....)).....fffff@z......+,,,,*
▓▓▓▓▓▓▓▓▓▓▓▓▓▓▓▓▓▓▓▓▓▓▓▓▓▓▓▓▓▓
.........................))..▓
▓▓▓▓▓▓▓▓▓▓▓▓▓▓▓▓▓▓▓▓▓▓▓▓▓▓▓▓)▓
......[.=.?....?..=.}.'..):).▓
▓▓▓▓▓▓▓▓▓▓▓▓▓▓▓▓▓▓▓▓▓▓▓▓▓▓▓▓▓▓
...............).............▓
▓▓▓▓▓▓▓▓▓▓▓▓▓▓▓▓▓▓▓▓▓▓▓▓▓▓▓▓[▓
)))))..(.....[.')..)[....'.[.▓


You could see a curse toe, a deathcap and 4 wandering mushrooms.

Vanquished Creatures
  Mara (D)
  Mennas (D)
  Sojobo (D)
  Frederick (D)
  Boris (D)
  Margery (D)
  Xtahua (D)
  Saint Roka (D)
  3 golden dragons (D)
  Nikola (D)
  Jory (D)
  5 tentacled monstrosities (D)
  An Orb Guardian (D)
  A quicksilver dragon (D)
  3 sphinxes (D)
  5 storm dragons (D)
  7 shadow dragons (D)
  4 vault wardens (D)
  A draconian monk (D)
  2 tengu reavers (D)
  Ilsuiw (D)
  A fire giant (D)
  A draconian knight (D)
  2 frost giants (D)
  3 nagarajas (D)
  Louise (D)
  A ghost moth (D)
  7 emperor scorpions (D)
  2 draconian stormcallers (D)
  3 draconian shifters (D)
  A war gargoyle (D)
  2 ironheart preservers (D)
  A draconian annihilator (D)
  An entropy weaver (D)
  5 stone giants (D)
  4 green draconians (D)
  3 white draconians (D)
  3 black draconians (D)
  2 purple draconians (D)
  2 red draconians (D)
  4 yellow draconians (D)
  A spark wasp (D)
  A merfolk javelineer (D)
  6 merfolk impalers (D)
  2 ettins (D)
  A fire dragon (D)
  5 yaktaur captains (D)
  Josephine (D)
  4 great orbs of eyes (D)
  2 ice dragons (D)
  25 vault guards (D)
  A naga warrior (D)
  2 spriggan air magi (D)
  3 rakshasas (D)
  An ogre mage (D)
  8 hydras (D)
  Erolcha (D)
  A death knight (D)
  3 centaur warriors (D)
  3 alligators (D)
  4 merfolk aquamancers (D)
  A tengu warrior (D)
  A vampire mage (D)
  7 orc high priests (D)
  A shock serpent (D)
  6 hell knights (D)
  2 sea snakes (D)
  A wizard (D)
  A shambling mangrove (D)
  4 swamp dragons (D)
  2 orc knights (D)
  5 ironbrand convokers (D)
  A necromancer (D)
  2 harpies (D)
  A phantasmal warrior (D)
  3 hill giants (D)
  An orb spider (shapeshifter) (D)
  A manticore (D)
  An orc sorcerer (D)
  A salamander (D)
  An ugly thing (D)
  A deep elf mage (D)
  4 moths of wrath (D)
  4 wolf spiders (D)
  2 vault sentinels (D)
  7 black mambas (D)
  Psyche (D)
  A water nymph (D)
  3 naga magi (D)
  2 spiny frogs (D)
  4 guardian serpents (D)
  A gargoyle (D)
  A komodo dragon (D)
  5 demonic crawlers (D)
  A freezing wraith (D)
  5 yaktaurs (D)
  2 guardian mummies (D)
  A yaktaur (shapeshifter) (D)
  A komodo dragon (shapeshifter) (D)
  A jumping spider (D)
  2 merfolk (D)
  2 hornets (D)
  2 polar bears (D)
  A slime creature (D)
  2 snapping turtles (D)
  A two-headed ogre (D)
  A blink frog (D)
  A blink frog (shapeshifter) (D)
  2 bog bodies (D)
  A hippogriff (D)
  A spriggan (shapeshifter) (D)
  A tarantella (D)
  3 redbacks (D)
  4 wraiths (D)
  3 yaks (D)
  2 vampire mosquitoes (D)
  3 basilisks (D)
  4 nagas (D)
  An acid dragon (D)
  2 porcupines (D)
  A water moccasin (D)
  14 orc warriors (D)
  2 swamp drakes (D)
  6 black bears (D)
  An ogre (D)
  4 centaurs (D)
  2 crocodiles (D)
  6 bullfrogs (D)
  A hound (D)
  9 orc priests (D)
  4 orc wizards (D)
  A worker ant (D)
  An adder (D)
  A gnoll (D)
  An adder skeleton (D)
  A leopard gecko (D)
  9 orcs (D)
  A giant cockroach (D)
  A hobgoblin (D)
  A ball python skeleton (D)
  2 kobolds (D)
  A leopard gecko skeleton (D)
366 creatures vanquished.

Vanquished Creatures (others)
  A yaktaur captain (D)
  A swamp drake (D)
2 creatures vanquished.

Grand Total: 368 creatures vanquished

Notes
Turn   | Place    | Note
-------+----------+-------------------------------------------
     0 | D        | Faca the Formicid Fighter began the quest for the Orb.
     0 | D        | Reached XP level 1. HP: 18/18 MP: 1/1
    12 | D        | Reached XP level 2. HP: 9/26 MP: 2/2
   225 | D        | Noticed a centaur
   235 | D        | Killed a centaur
   235 | D        | Reached skill level 5 in Fighting
   235 | D        | Reached skill level 5 in Armour
   235 | D        | Reached skill level 1 in Dodging
   235 | D        | Reached XP level 3. HP: 18/34 MP: 3/3
   235 | D        | Reached XP level 4. HP: 22/40 MP: 4/4
   239 | D        | Reached XP level 5. HP: 26/46 MP: 5/5
   375 | D        | Found a roughly hewn altar of Beogh.
   375 | D        | Found a snail-covered altar of Cheibriados.
   375 | D        | Found a shadowy altar of Dithmenos.
   375 | D        | Found a white marble altar of Elyvilon.
   375 | D        | Found a blossoming altar of Fedhas.
   375 | D        | Found an opulent altar of Gozag.
   376 | D        | Found a hazy altar of Hepliaklqana.
   377 | D        | Found a viscous altar of Jiyva.
   378 | D        | Found an ancient bone altar of Kikubaaqudgha.
   379 | D        | Found a corrupted altar of Lugonu.
   380 | D        | Found a burning altar of Makhleb.
   381 | D        | Found a sparkling altar of Nemelex Xobeh.
   382 | D        | Found an iron altar of Okawaru.
   383 | D        | Found a stormy altar of Qazlal.
   384 | D        | Found a sacrificial altar of Ru.
   385 | D        | Found a deep blue altar of Sif Muna.
   386 | D        | Found a bloodstained altar of Trog.
   387 | D        | Found a hide-covered altar of Uskayaw.
   388 | D        | Found a radiant altar of Vehumet.
   389 | D        | Found a shimmering altar of Xom.
   390 | D        | Became a worshipper of Warmaster Okawaru
   391 | D        | Found a basalt altar of Yredelemnul.
   392 | D        | Found a glowing silver altar of Zin.
   393 | D        | Found a glowing golden altar of the Shining One.
   460 | D        | Noticed a bullfrog
   460 | D        | Noticed a centaur
   460 | D        | Noticed an ogre
   460 | D        | Noticed a hill giant
   460 | D        | Noticed a hill giant
   473 | D        | Killed a bullfrog
   473 | D        | Reached skill level 5 in Maces & Flails
   480 | D        | Killed a hill giant
   480 | D        | Reached * piety under Okawaru
   480 | D        | Reached ** piety under Okawaru
   480 | D        | Reached skill level 10 in Shields
   480 | D        | Reached XP level 6. HP: 28/58 MP: 6/6
   480 | D        | Reached XP level 7. HP: 31/64 MP: 7/7
   489 | D        | Killed a hill giant
   489 | D        | Reached skill level 10 in Fighting
   489 | D        | Reached XP level 8. HP: 30/72 MP: 8/8
   496 | D        | Reached *** piety under Okawaru
   496 | D        | Reached skill level 10 in Maces & Flails
   702 | D        | Noticed a tengu warrior
   702 | D        | Noticed a yak
   702 | D        | Noticed a two-headed ogre
   702 | D        | Noticed a wraith
   717 | D        | Killed a tengu warrior
   717 | D        | Reached **** piety under Okawaru
   717 | D        | Reached XP level 9. HP: 54/81 MP: 6/9
   722 | D        | Reached skill level 1 in Invocations
   727 | D        | Reached skill level 1 in Stealth
   734 | D        | Killed a two-headed ogre
   734 | D        | Reached ***** piety under Okawaru
   976 | D        | Noticed a spiny frog
  1003 | D        | Reached XP level 10. HP: 74/89 MP: 11/11
  1006 | D        | Noticed a black mamba
  1022 | D        | Killed a spiny frog
  1022 | D        | Received a gift from Okawaru
  1029 | D        | Reached skill level 10 in Armour
  1036 | D        | Killed a black mamba
  1263 | D        | Noticed a black mamba
  1271 | D        | Noticed a komodo dragon
  1295 | D        | Killed a black mamba
  1303 | D        | Killed a komodo dragon
  1446 | D        | Reached XP level 11. HP: 96/98 MP: 12/12
  1541 | D        | Noticed Erolcha
  1550 | D        | Killed Erolcha
  1550 | D        | Reached skill level 15 in Maces & Flails
  1550 | D        | Reached skill level 15 in Shields
  1594 | D        | Noticed an orc sorcerer
  1596 | D        | Noticed an orc knight
  1607 | D        | Noticed an orc high priest
  1612 | D        | Killed an orc sorcerer
  1629 | D        | Killed an orc knight
  1640 | D        | Noticed a sixfirhy
  1647 | D        | Noticed a sixfirhy
  1651 | D        | Killed an orc high priest
  1651 | D        | Received a gift from Okawaru
  1651 | D        | Reached skill level 5 in Dodging
  1956 | D        | Noticed an orc high priest
  2017 | D        | Killed an orc high priest
  2336 | D        | Found Etepn's Antique Weapon Emporium.
  2336 | D        | Noticed an orc high priest
  2336 | D        | Noticed an orc high priest
  2338 | D        | Noticed an orc high priest
  2345 | D        | Noticed an orc high priest
  2345 | D        | Killed an orc high priest
  2347 | D        | Noticed a sixfirhy
  2352 | D        | Killed an orc high priest
  2352 | D        | Reached XP level 12. HP: 84/108 MP: 7/13
  2353 | D        | Found Ehyigare's Book Shoppe.
  2361 | D        | Found Kusac's Weapon Emporium.
  2373 | D        | Killed an orc high priest
  2388 | D        | Killed an orc high priest
  2388 | D        | Reached skill level 15 in Fighting
  2390 | D        | Found Doockosi's Assorted Antiques.
  2394 | D        | Noticed an orc high priest
  2408 | D        | Killed an orc high priest
  2408 | D        | Received a gift from Okawaru
  2639 | D        | Bought faintly glowing storm dragon scales for 1530 gold pieces
  2639 | D        | Bought a scroll labeled RUHAUWK OWKA for 18 gold pieces
  2639 | D        | Bought a grey potion for 16 gold pieces
  2639 | D        | Bought a scroll labeled LEDDOO FYTHAEX for 18 gold pieces
  2639 | D        | Bought a potion of heal wounds for 90 gold pieces
  2639 | D        | Bought a scroll labeled LEDDOO FYTHAEX for 18 gold pieces
  2641 | D        | Identified the +9 storm dragon scales of Hopscotch {rElec rF- Str+7} (You bought it in a shop in the Dungeon)
  2689 | D        | Noticed Psyche
  2694 | D        | Killed Psyche
  2727 | D        | Noticed Josephine
  2747 | D        | Killed Josephine
  2983 | D        | Noticed a five-headed hydra
  2990 | D        | Noticed a centaur warrior
  2992 | D        | Killed a five-headed hydra
  3008 | D        | Noticed a stone giant
  3010 | D        | Killed a centaur warrior
  3016 | D        | Noticed a centaur warrior
  3017 | D        | Noticed a wizard
  3028 | D        | Killed a stone giant
  3036 | D        | Killed a centaur warrior
  3038 | D        | Killed a wizard
  3038 | D        | Reached ****** piety under Okawaru
  3038 | D        | Reached XP level 13. HP: 99/119 MP: 12/14
  3220 | D        | Noticed a five-headed hydra
  3249 | D        | Killed a five-headed hydra
  3249 | D        | Received a gift from Okawaru
  3461 | D        | Noticed a spark wasp
  3483 | D        | Killed a spark wasp
  3721 | D        | Noticed Saint Roka
  3757 | D        | Killed Saint Roka
  3757 | D        | Received a gift from Okawaru
  3757 | D        | Reached XP level 14. HP: 48/131 MP: 5/15
  3769 | D        | Got a jewelled falchion {god gift}
  4028 | D        | Identified the +5 falchion of the Scorpion {holy, rN+ Dex+4} (Okawaru gifted it to you in the Dungeon)
  4094 | D        | Noticed a stone giant
  4124 | D        | Noticed a frost giant
  4138 | D        | Killed a stone giant
  4160 | D        | Received a gift from Okawaru
  4162 | D        | Noticed a stone giant
  4168 | D        | Killed a frost giant
  4172 | D        | Reached skill level 1 in Evocations
  4181 | D        | Noticed a sphinx
  4207 | D        | Received a gift from Okawaru
  4213 | D        | Noticed a fire giant
  4224 | D        | Killed a stone giant
  4248 | D        | Killed a sphinx
  4255 | D        | Killed a fire giant
  4598 | D        | Noticed an ironheart preserver
  4607 | D        | Killed an ironheart preserver
  4628 | D        | Reached XP level 15. HP: 137/142 MP: 16/16
  4634 | D        | Reached skill level 15 in Armour
  4660 | D        | Noticed a sphinx
  4660 | D        | Noticed an Orb Guardian
  4660 | D        | Noticed a red draconian annihilator
  4672 | D        | Killed an Orb Guardian
  4682 | D        | Killed a red draconian annihilator
  4702 | D        | Killed a sphinx
  4852 | D        | Noticed a vault warden
  4853 | D        | Noticed a storm dragon
  4854 | D        | Noticed a vault warden
  4860 | D        | Killed a vault warden
  4865 | D        | Noticed an ironheart preserver
  4874 | D        | Killed a storm dragon
  4874 | D        | Received a gift from Okawaru
  4882 | D        | Killed a vault warden
  4888 | D        | Killed an ironheart preserver
  5151 | D        | Noticed Louise
  5162 | D        | Killed Louise
  5209 | D        | Noticed Mara
  5213 | D        | Noticed Faca's illusion
  5234 | D        | Killed Mara
  5274 | D        | Noticed Ilsuiw
  5309 | D        | Killed Ilsuiw
  5309 | D        | Received a gift from Okawaru
  5320 | D        | Reached XP level 16. HP: 102/155 MP: 15/17
  5631 | D        | Got a barnacled rune of Zot
  5643 | D        | Noticed a nagaraja
  5644 | D        | Noticed a nagaraja
  5658 | D        | Noticed a nagaraja
  5660 | D        | Killed a nagaraja
  5670 | D        | Killed a nagaraja
  5670 | D        | Received a gift from Okawaru
  5670 | D        | Reached skill level 27 in Shields
  5682 | D        | Killed a nagaraja
  6063 | D        | Got a serpentine rune of Zot
  6486 | D        | Got a gossamer rune of Zot
  6509 | D        | Reached skill level 10 in Dodging
  6540 | D        | Received a gift from Okawaru
  6541 | D        | Got a crystal mace {god gift}
  6546 | D        | Identified the +1 mace "Demonslayer" {flame, *Drain +Fly rC++ Dex+2} (Okawaru gifted it to you in the Dungeon)
  6552 | D        | Got a decaying rune of Zot
  6583 | D        | Noticed Mennas
  6643 | D        | Killed Mennas
  6643 | D        | Reached XP level 17. HP: 90/169 MP: 12/18
  6879 | D        | Noticed Sojobo
  6913 | D        | Killed Sojobo
  7072 | D        | Noticed a tengu reaver
  7081 | D        | Killed a tengu reaver
  7174 | D        | Received a gift from Okawaru
  7175 | D        | Got a smoking mace {god gift}
  7246 | D        | Identified the +8 mace of Okawaru's Pride {elec, rPois rF+ MP+9 Dex+3} (Okawaru gifted it to you in the Dungeon)
  7299 | D        | Reached skill level 27 in Fighting
  7346 | D        | Noticed a shadow dragon
  7371 | D        | Received a gift from Okawaru
  7386 | D        | Killed a shadow dragon
  7386 | D        | Reached skill level 27 in Maces & Flails
  7387 | D        | Noticed a shadow dragon
  7397 | D        | Noticed a shadow dragon
  7434 | D        | Killed a shadow dragon
  7434 | D        | Reached XP level 18. HP: 59/182 MP: 12/19
  7452 | D        | Noticed a tentacled monstrosity
  7469 | D        | Killed a tentacled monstrosity
  7487 | D        | HP: 9/182 [vault warden/great mace of crushing (2)]
  7504 | D        | Received a gift from Okawaru
  7943 | D        | Reached skill level 15 in Dodging
  7977 | D        | Noticed a golden dragon
  7991 | D        | Killed a golden dragon
  8014 | D        | Got a silver rune of Zot
  8020 | D        | Got a garnet-encrusted ring mail
  8033 | D        | Identified the +1 ring mail of Qyesem {rF+++ MR+ Str+3 Dex+3} (You found it in the Dungeon)
  8046 | D        | Noticed Xtahua
  8062 | D        | Noticed Jory
  8068 | D        | Killed Xtahua
  8068 | D        | Received a gift from Okawaru
  8074 | D        | Killed Jory
  8214 | D        | Noticed Nikola
  8233 | D        | Killed Nikola
  8325 | D        | Noticed Boris
  8336 | D        | Killed Boris
  8552 | D        | Got the ring "Nakkudda" {Ice rPois rN+}
  8554 | D        | Got the amulet of Conversion {-Tele rElec rPois Regen+ Str+3}
  8556 | D        | Got the ring "Emethetu" {rC+ Str+3}
  8558 | D        | Got the ring "Luqose" {MR+ AC+3}
  8560 | D        | Got the ring of Caugaon {rF+ rN+}
  8580 | D        | Got the +11 scythe of Valiance {drain, *Slow rPois rC+++ Stlth+}
  8601 | D        | Got the +3 large shield "Milucy" {rF++ Dex+4}
  8702 | D        | Reached skill level 1 in Polearms
  8705 | D        | Noticed Margery
  8733 | D        | Killed Margery
  8733 | D        | Reached skill level 5 in Polearms
  8841 | D        | Noticed Frederick
  8857 | D        | Killed Frederick
  8881 | D        | Reached XP level 19. HP: 180/189 MP: 20/20
  8890 | D        | Reached skill level 10 in Polearms
  8962 | D        | Received a gift from Okawaru
  8990 | D        | Reached skill level 15 in Polearms
  9240 | D        | Noticed a tentacled monstrosity
  9267 | D        | Killed a tentacled monstrosity
  9270 | D        | Reached skill level 27 in Armour
  9442 | D        | Noticed a golden dragon
  9442 | D        | Noticed a tentacled monstrosity
  9455 | D        | Killed a golden dragon
  9462 | D        | Noticed a tentacled monstrosity
  9465 | D        | Killed a tentacled monstrosity
  9465 | D        | Reached skill level 5 in Stealth
  9485 | D        | Killed a tentacled monstrosity
  9485 | D        | Received a gift from Okawaru
  9642 | D        | Noticed a golden dragon
  9642 | D        | Noticed a tentacled monstrosity
  9650 | D        | Noticed a curse toe
  9666 | D        | Killed a golden dragon
  9674 | D        | Killed a tentacled monstrosity
  9674 | D        | Reached XP level 20. HP: 40/197 MP: 21/21
  9698 | D        | HP: 7/197 [deathcap/drain life[a curse toe] (13)]
  9704 | D        | Killed from afar by a deathcap

Vault maps used:
D:        linesprint

Skill      XL: |  1  2  3  4  5  6  7  8  9 10 11 12 13 14 15 16 17 18 19 20 |
---------------+-------------------------------------------------------------+-----
Fighting       | 4 5 6 9 10 11 13 14 16 18 20 22 25 27 | 27.0
Armour         | 4 5 6 7 8 9 10 12 13 14 15 17 20 26 27 | 27.0
Shields        | 4 6 10 11 12 14 16 18 21 23 26 27 | 27.0
Maces & Flails | 4 8 9 11 12 14 16 17 19 20 22 24 27 | 27.0
Dodging        | 1 2 3 4 5 7 8 10 13 18 19 | 19.6
Invocations    | 1 2 |  2.1
Stealth        | 1 2 3 4 5 |  5.2
Evocations     | 1 |  1.6
Polearms       | 9 24 25 | 25.0

Action                   |  1- 3 |  4- 6 |  7- 9 | 10-12 | 13-15 | 16-18 | 19-21 || total
-------------------------+-------+-------+-------+-------+-------+-------+-------++-------
Melee: Flail             |    21 |     7 |       |       |       |       |       ||    28
       Dire flail        |       |    19 |    72 |   427 |   432 |       |       ||   950
       Great mace        |       |       |       |       |   214 |   401 |       ||   615
       Mace              |       |       |       |       |       |   213 |       ||   213
       Eveningstar       |       |       |       |       |       |   167 |   316 ||   483
       Scythe            |       |       |       |       |       |     6 |    74 ||    80
Invok: Heroism           |       |       |     1 |     1 |     1 |       |       ||     3
       Finesse           |       |       |       |     2 |       |       |       ||     2
Evoke: Wand              |       |     1 |       |       |     1 |       |       ||     2
  Use: Scroll            |       |       |       |     4 |     6 |     1 |       ||    11
       Potion            |       |       |       |     3 |     3 |     3 |       ||     9
  Eat: Bread ration      |       |       |       |     2 |     2 |     1 |       ||     5
       Royal jelly       |       |       |       |       |       |     2 |       ||     2
       Beef jerky        |       |       |       |       |       |     1 |       ||     1
       Fruit             |       |       |       |       |       |       |     5 ||     5
Armor: Scale mail        |     5 |       |       |       |       |       |       ||     5
       Chain mail        |       |     8 |    15 |    41 |       |       |       ||    64
       Plate armour      |       |       |       |     9 |       |       |       ||     9
       Storm dragon scal |       |       |       |     3 |    96 |   146 |       ||   245
       Gold dragon scale |       |       |       |       |       |     6 |   112 ||   118
Dodge: Dodged            |     9 |     3 |    15 |    39 |    56 |   157 |   110 ||   389
Block: Shield            |    13 |    15 |    24 |    16 |       |       |       ||    68
       Large shield      |       |       |       |   189 |   459 |   798 |   403 ||  1849
       Reflection        |       |       |       |       |       |     7 |       ||     7
